 Dungeon Crawl Stone Soup version 0.19-a0-1855-gb7442ac (webtiles) character file.

258 hurricos the Insei (level 5, 39/39 HPs)
             Began as a Vampire Monk on Oct 11, 2016.
             Was a Believer of Vehumet.
             Quit the game on level 3 of the Dungeon.
             The game lasted 00:03:01 (3050 turns).

hurricos the Insei (Vampire Monk)                   Turns: 3050, Time: 00:03:01

Health: 39/39      AC:  2    Str: 10    XL:     5   Next: 94%
Magic:  5/5        EV: 14    Int: 12    God:    Vehumet [**....]
Gold:   193        SH:  0    Dex: 16    Spells: 0 memorised, 4 levels left

rFire  . . .     SeeInvis +       - Unarmed
rCold  . . .     Gourm    .     a - +0 robe
rNeg   + . .     Faith    .     (no shield)
rPois  .         Spirit   .     (no helmet)
rElec  .         Dismiss  .     (no cloak)
rCorr  .         Reflect  .     (no gloves)
MR     .....     Harm     .     (no boots)
Stlth  ++........               f - amulet of magic regeneration
                                (no ring)
                                c - -2 ring of dexterity (curse)

@: no status effects
A: fangs 3, see invisible, unbreathing
a: Bat Form, Renounce Religion


You were on level 3 of the Dungeon.
You worshipped Vehumet.
Vehumet was pleased with you.
You were not thirsty.

You visited 1 branch of the dungeon, and saw 3 of its levels.

You collected 193 gold pieces.

Inventory:

Armour
 a - a +0 robe (worn)
Jewellery
 c - a cursed -2 ring of dexterity (left hand)
 f - an amulet of magic regeneration (around neck)
 m - a +6 amulet of reflection
Wands
 h - a wand of flame (27/48)
 n - a wand of flame (0/48)
Scrolls
 d - 2 scrolls of teleportation {unknown}
 e - 4 scrolls of amnesia {unknown}
 g - a scroll of magic mapping {unknown}
 i - a scroll of fear {unknown}
 j - a scroll of random uselessness {unknown}
 k - a scroll of immolation {unknown}
 l - a scroll of identify {unknown}
Potions
 b - 3 potions of curing
 Z - 16 potions of blood


   Skills:
 - Level 2.6 Fighting
 - Level 3.2 Dodging
 - Level 3.0 Stealth
 - Level 7.3 Unarmed Combat


You had 4 spell levels left.
You didn't know any spells.

Dungeon Overview and Level Annotations

Branches:
Dungeon (3/15)

Altars:
Dithmenos
Hepliaklqana
Makhleb
Vehumet


Innate Abilities, Weirdness & Mutations

You have razor-sharp teeth.
You have supernaturally acute eyesight. (SInv)
You can survive without breathing.


Message History

Unknown command.
Your transformation has ended.
Your +0 robe unmelds from your body.
Your cursed -2 ring of dexterity unmelds from your body.
You feel clumsy.
The hobgoblin completely misses you. (m)acro, (M)acro raw, keymap [(k) default, (x) level-map, (t)argeting, (c)onfirm, m(e)nu], (s)ave?
Input macro trigger key: j Input macro action: za\{13} Created macro 'j' => 'za\{13}'.
You don't know any spells.
Unknown command.
You closely miss the hobgoblin.
The hobgoblin is lightly wounded.
The hobgoblin hits you but does no damage.
You punch the hobgoblin!
You kill the hobgoblin!
Vehumet accepts your kill.
No target in view!
Are you sure you want to abandon this character and quit the game? (Confirm with "yes".)

##.##.##.##.##.# #
...####.##.##.##.#######
........................
######.##........######
.######.#####.###.######
........................
.######.##.##.###.######
#.## ##.....# #@#
#.###.###### #.# #.
#.<..... ... #.######
##.## #.# ### ###


There were no monsters in sight!

Vanquished Creatures
  A sky beast (D:3)
  A crimson imp (D:3)
  6 adders
  An ooze (D:2)
  3 worms
  A dart slug (D:1)
  A leopard gecko (D:3)
  2 orcs (D:3)
  10 goblins
  11 hobgoblins
  2 jackals (D:2)
  7 kobolds
  2 quokkas
  7 bats
  6 frilled lizards
  2 rats
63 creatures vanquished.

Notes
Turn   | Place    | Note
-------+----------+-------------------------------------------
     0 | D:1      | hurricos the Vampire Monk began the quest for the Orb.
     0 | D:1      | Reached XP level 1. HP: 17/17 MP: 1/1
   192 | D:1      | Reached XP level 2. HP: 12/23 MP: 2/2
   203 | D:1      | Reached skill level 4 in Unarmed Combat
   669 | D:2      | Reached XP level 3. HP: 27/28 MP: 3/3
  1230 | D:2      | Reached skill level 5 in Unarmed Combat
  1395 | D:3      | Reached XP level 4. HP: 19/34 MP: 4/4
  1415 | D:3      | Found a shadowy altar of Dithmenos.
  1709 | D:3      | Noticed a sky beast
  1731 | D:3      | Killed a sky beast
  1731 | D:3      | Reached skill level 6 in Unarmed Combat
  1731 | D:3      | Reached XP level 5. HP: 11/39 MP: 5/5
  1740 | D:3      | Found a hazy altar of Hepliaklqana.
  1934 | D:3      | Reached skill level 7 in Unarmed Combat
  2167 | D:3      | Found a burning altar of Makhleb.
  2167 | D:3      | Found a radiant altar of Vehumet.
  3025 | D:3      | Became a worshipper of Vehumet
  3025 | D:3      | Reached * piety under Vehumet
  3025 | D:3      | Offered knowledge of Freeze by Vehumet.
  3025 | D:3      | Reached ** piety under Vehumet
  3050 | D:3      | Quit the game

Vault maps used:
D:1:      saegor_arrival_simple_c
D:2:      first_bread, grunt_ministairs_1
D:3:      minmay_wonky_spiral, lemuel_round_altar, overflow_temple_1_default,
          grunt_temple_overflow_lords_of_destruction

Skill      XL: |  1  2  3  4  5 |
---------------+----------------+-----
Unarmed Combat | 4 5 6 7 |  7.3
Fighting       | |  2.6
Dodging        | |  3.2
Stealth        | |  3.0

Action                   |  1- 3 |  4- 6 || total
-------------------------+-------+-------++-------
Melee: Unarmed           |   130 |    99 ||   229
       Bite              |    10 |    11 ||    21
       Punch             |     1 |     2 ||     3
 Abil: End Transformatio |       |     1 ||     1
       Bat Form          |       |     1 ||     1
  Use: Potion            |    12 |     4 ||    16
 Stab: Sleeping          |     6 |     4 ||    10
Armor: Robe              |    15 |     9 ||    24
Dodge: Dodged            |    85 |    59 ||   144
